General information
- name: BNet
- type: Ladder team game (AT/RT)
- host: Battle.net
- saver: HoneyBlunt
map: Monsoon
- players: 6
- length: 26:49
- speed: Fast
- version: 1.24 W3XP
- replay type: Public
» download(229 KB)
Players
team 1 (loser)
Flow_Master (
yellow | 78 APM | 2083 actions | 26:48)
6 Death Knight
3 Death Coil
2 Unholy Aura
1 Animate Dead
5 Lich
3 Frost Nova
2 Dark Ritual
» actions
| Assign group hotkey | 34 | |
| Basic commands | 274 | |
| Build / train | 81 | |
| Enter build submenu | 18 | |
| Enter hero's abilities submenu | 11 | |
| Give item / drop item | 4 | |
| Remove unit from queue | 3 | |
| Right click | 842 | |
| Select / deselect | 269 | |
| Select group hotkey | 446 | |
| Use ability | 101 | |
2083 total
» units
| Acolyte | 2 | |
| Ghoul | 3 | |
| Crypt Fiend | 19 | |
| Frost Wyrm | 13 | |
37 total
» upgrades
| Creature Attack | 3 | |
| Creature Carapace | 3 | |
| Burrow | 1 | |
| Web | 1 | |
| Freezing Breath | 1 | |
9 total
» buildings
| Graveyard | 1 | |
| Crypt | 1 | |
| Altar of Darkness | 1 | |
| Tomb of Relics | 1 | |
| Ziggurat | 9 | |
| Nerubian Tower | 2 | |
| Halls of the Dead | 2 | |
| Black Citadel | 1 | |
| Sacrificial Pit | 1 | |
| Boneyard | 3 | |
22 total
» build order
00:15 Graveyard
00:24 Crypt
00:35 Altar of Darkness
00:55 Tomb of Relics
01:08 Ziggurat
02:11 Ziggurat
02:20 Nerubian Tower
02:20 Nerubian Tower
03:51 Ziggurat
04:49 Halls of the Dead
04:50 Halls of the Dead
06:14 Ziggurat
07:20 Black Citadel
08:46 Sacrificial Pit
09:44 Boneyard
09:46 Boneyard
09:48 Boneyard
10:02 Ziggurat
10:12 Ziggurat
10:13 Ziggurat
12:24 Ziggurat
12:26 Ziggurat
» items
| Rod of Necromancy | 1 | |
| Dust of Appearance | 1 | |
| Orb of Corruption | 1 | |
| Potion of Lesser Invulnerability | 2 | |
| Scroll of Protection | 2 | |
| Scroll of Healing | 1 | |
| Scroll of Town Portal | 1 | |
| Potion of Healing | 1 | |
10 total
SMURFINAINTEASY (
teal | 103 APM | 2688 actions | 26:10)
5 Keeper of the Grove
3 Entangling Roots
2 Thorns Aura
5 Priestess of the Moon
3 Trueshot Aura
1 Searing Arrows
1 Starfall
» actions
| Assign group hotkey | 46 | |
| Basic commands | 6 | |
| Build / train | 109 | |
| ESC pressed | 3 | |
| Enter build submenu | 19 | |
| Enter hero's abilities submenu | 10 | |
| Give item / drop item | 1 | |
| Right click | 1845 | |
| Select / deselect | 284 | |
| Select group hotkey | 293 | |
| Use ability | 72 | |
2688 total
» units
» upgrades
| Strength of the Moon | 1 | |
| Moon Armor | 1 | |
| Strength of the Wild | 3 | |
| Abolish Magic | 1 | |
| Reinforced Hides | 2 | |
8 total
» buildings
| Altar of Elders | 1 | |
| Moon Well | 6 | |
| Hunter's Hall | 1 | |
| Ancient of War | 2 | |
| Tree of Life | 2 | |
| Tree of Ages | 1 | |
| Ancient Protector | 1 | |
| Ancient of Lore | 3 | |
| Tree of Eternity | 1 | |
18 total
» build order
00:13 Altar of Elders
00:18 Moon Well
01:36 Hunter's Hall
01:56 Ancient of War
02:08 Moon Well
02:31 Ancient of War
02:46 Moon Well
04:45 Tree of Life
06:14 Moon Well
08:16 Moon Well
08:43 Tree of Ages
09:54 Ancient Protector
11:07 Ancient of Lore
11:10 Ancient of Lore
11:13 Ancient of Lore
13:00 Moon Well
14:24 Tree of Life
20:49 Tree of Eternity
» items
| Scroll of Town Portal | 3 | |
| Scroll of Protection | 4 | |
| Scroll of Healing | 6 | |
| Potion of Lesser Invulnerability | 5 | |
18 total
Wisperwind (
blue | 90 APM | 2345 actions | 26:05)
4 Far Seer
2 Feral Spirit
2 Chain Lighting
3 Pit Lord
2 Rain of Fire
1 Howl of Terror
» actions
| Assign group hotkey | 74 | |
| Basic commands | 5 | |
| Build / train | 84 | |
| Enter build submenu | 13 | |
| Enter hero's abilities submenu | 9 | |
| Give item / drop item | 2 | |
| Right click | 1182 | |
| Select / deselect | 423 | |
| Select group hotkey | 437 | |
| Use ability | 116 | |
2345 total
» units
| Peon | 14 | |
| Grunt | 5 | |
| Tauren | 18 | |
| Troll Witch Doctor | 15 | |
52 total
» upgrades
| Berserker Strength | 1 | |
| Witch Doctor Training | 2 | |
| Melee Weapons | 1 | |
| Pulverize | 1 | |
| Armor | 1 | |
6 total
» buildings
| Altar of Storms | 1 | |
| Orc Burrow | 6 | |
| Barracks | 1 | |
| Stronghold | 2 | |
| Voodoo Lounge | 1 | |
| Fortress | 2 | |
| Spirit Lodge | 1 | |
| War Mill | 1 | |
| Tauren Totem | 2 | |
17 total
» build order
00:10 Altar of Storms
00:18 Orc Burrow
00:28 Barracks
01:33 Orc Burrow
02:41 Stronghold
02:42 Stronghold
04:00 Voodoo Lounge
04:16 Orc Burrow
05:16 Fortress
05:16 Fortress
05:37 Spirit Lodge
06:25 War Mill
07:42 Tauren Totem
08:07 Orc Burrow
10:18 Tauren Totem
11:33 Orc Burrow
12:22 Orc Burrow
» items
| Healing Salve | 3 | |
| Scroll of Speed | 1 | |
| Lesser Clarity Potion | 3 | |
| Tiny Great Hall | 1 | |
| Scroll of Town Portal | 1 | |
| Potion of Healing | 2 | |
| Scroll of Protection | 2 | |
13 total
team 2 (winner)
GnR (
purple | 130 APM | 3487 actions | 26:49)
6 Priestess of the Moon
2 Searing Arrows
3 Trueshot Aura
1 Starfall
3 Keeper of the Grove
2 Entangling Roots
1 Force of Nature
» actions
| Assign group hotkey | 53 | |
| Basic commands | 3 | |
| Build / train | 99 | |
| Enter build submenu | 17 | |
| Enter hero's abilities submenu | 9 | |
| Right click | 1290 | |
| Select / deselect | 363 | |
| Select group hotkey | 1591 | |
| Use ability | 62 | |
3487 total
» units
| Wisp | 21 | |
| Archer | 7 | |
| Druid of the Talon | 3 | |
| Chimaera | 18 | |
| Hippogryph | 14 | |
63 total
» upgrades
| Improved Bows | 1 | |
| Druid of the Talon Training | 1 | |
| Corrosive Breath | 1 | |
3 total
» buildings
| Moon Well | 6 | |
| Altar of Elders | 1 | |
| Ancient of War | 1 | |
| Ancient of Wonders | 1 | |
| Tree of Ages | 4 | |
| Tree of Eternity | 1 | |
| Ancient of Wind | 2 | |
| Chimaera Roost | 4 | |
| Tree of Life | 1 | |
21 total
» build order
00:18 Moon Well
00:20 Altar of Elders
01:17 Ancient of War
01:41 Moon Well
02:07 Ancient of Wonders
02:30 Moon Well
03:12 Tree of Ages
03:12 Tree of Ages
04:42 Moon Well
05:33 Tree of Eternity
05:38 Ancient of Wind
05:41 Moon Well
07:55 Chimaera Roost
07:56 Chimaera Roost
07:57 Chimaera Roost
08:07 Chimaera Roost
10:21 Tree of Life
11:10 Moon Well
21:33 Ancient of Wind
» items
| Moonstone | 1 | |
| Scroll of Protection | 2 | |
| Scroll of Town Portal | 3 | |
| Anti-magic Potion | 1 | |
| Dust of Appearance | 1 | |
| Orb of Lightning | 1 | |
| Potion of Healing | 4 | |
| Lesser Clarity Potion | 1 | |
| Healing Salve | 1 | |
| Potion of Lesser Invulnerability | 1 | |
| Scroll of Healing | 1 | |
17 total
HoneyBlunt (
pink | 124 APM | 3332 actions | 26:49)
6 Tauren Chieftain
2 War Stomp
3 Endurance Aura
1 Reincarnation
6 Shadow Hunter
3 Hex
3 Healing Wave
» actions
| Assign group hotkey | 34 | |
| Basic commands | 77 | |
| Build / train | 86 | |
| Enter build submenu | 19 | |
| Enter hero's abilities submenu | 12 | |
| Give item / drop item | 1 | |
| Remove unit from queue | 1 | |
| Right click | 2069 | |
| Select / deselect | 385 | |
| Select group hotkey | 524 | |
| Use ability | 124 | |
3332 total
» units
| Peon | 10 | |
| Grunt | 6 | |
| Gnoll Brute | 1 | |
| Gnoll Warden | 1 | |
| Tauren | 22 | |
| Troll Witch Doctor | 7 | |
47 total
» upgrades
| Melee Weapons | 2 | |
| Armor | 1 | |
| Berserker Strength | 1 | |
| Witch Doctor Training | 2 | |
| Reinforced Defenses | 1 | |
| Pulverize | 1 | |
8 total
» buildings
| Orc Burrow | 6 | |
| Altar of Storms | 1 | |
| Barracks | 1 | |
| War Mill | 1 | |
| Voodoo Lounge | 1 | |
| Stronghold | 1 | |
| Watch Tower | 3 | |
| Fortress | 3 | |
| Spirit Lodge | 1 | |
| Tauren Totem | 2 | |
| Great Hall | 1 | |
21 total
» build order
00:20 Orc Burrow
00:34 Altar of Storms
00:53 Barracks
01:45 Orc Burrow
02:07 War Mill
02:22 Voodoo Lounge
03:29 Stronghold
04:14 Watch Tower
04:55 Orc Burrow
04:57 Watch Tower
05:09 Watch Tower
07:45 Fortress
07:46 Fortress
07:52 Orc Burrow
08:44 Spirit Lodge
09:59 Orc Burrow
10:02 Orc Burrow
10:10 Tauren Totem
10:14 Tauren Totem
20:21 Great Hall
» items
| Healing Salve | 3 | |
| Scroll of Town Portal | 4 | |
| Lesser Clarity Potion | 2 | |
| Potion of Healing | 1 | |
10 total
RoCcoNaCHOviDaL (
green | 113 APM | 3043 actions | 26:49)
6 Death Knight
2 Death Coil
3 Unholy Aura
1 Animate Dead
6 Lich
3 Frost Nova
1 Dark Ritual
1 Frost Armor
1 Death and Decay
» actions
| Assign group hotkey | 48 | |
| Basic commands | 421 | |
| Build / train | 115 | |
| ESC pressed | 1 | |
| Enter build submenu | 17 | |
| Enter hero's abilities submenu | 12 | |
| Give item / drop item | 1 | |
| Right click | 705 | |
| Select / deselect | 819 | |
| Select group hotkey | 739 | |
| Use ability | 165 | |
3043 total
» units
| Acolyte | 8 | |
| Ghoul | 4 | |
| Crypt Fiend | 19 | |
| Obsidian Statue | 6 | |
| Frost Wyrm | 12 | |
49 total
» upgrades
| Creature Carapace | 2 | |
| Web | 1 | |
| Destroyer Form | 1 | |
| Creature Attack | 1 | |
5 total
» buildings
| Graveyard | 1 | |
| Crypt | 1 | |
| Altar of Darkness | 2 | |
| Ziggurat | 5 | |
| Tomb of Relics | 1 | |
| Nerubian Tower | 1 | |
| Halls of the Dead | 5 | |
| Necropolis | 1 | |
| Slaughterhouse | 1 | |
| Spirit Tower | 1 | |
| Black Citadel | 2 | |
| Sacrificial Pit | 1 | |
| Boneyard | 2 | |
24 total
» build order
00:09 Graveyard
00:17 Crypt
00:34 Altar of Darkness
00:52 Ziggurat
01:14 Tomb of Relics
01:53 Ziggurat
02:28 Nerubian Tower
04:16 Halls of the Dead
05:23 Necropolis
06:08 Halls of the Dead
06:08 Halls of the Dead
07:22 Ziggurat
08:42 Altar of Darkness
09:31 Slaughterhouse
09:56 Spirit Tower
10:22 Black Citadel
10:22 Black Citadel
10:53 Ziggurat
11:48 Sacrificial Pit
12:47 Boneyard
13:09 Boneyard
14:16 Ziggurat
» items
| Rod of Necromancy | 4 | |
| Sacrificial Skull | 1 | |
| Dust of Appearance | 1 | |
| Scroll of Protection | 2 | |
| Scroll of Town Portal | 9 | |
| Potion of Lesser Invulnerability | 4 | |
| Scroll of Healing | 2 | |
| Potion of Healing | 1 | |
| Staff of Teleportation | 2 | |
| Orb of Corruption | 1 | |
| Potion of Mana | 1 | |
| Scroll of Speed | 1 | |
29 total
Chat log
(00:08 / All) GnR: I love this map
(00:09 / All) GnR: my favorite
(00:11 / Allies) RoCcoNaCHOviDaL: zt
(00:36 / Allies) GnR: I own zt
(00:47 / Allies) RoCcoNaCHOviDaL: 2 shahamna
(00:49 / Allies) RoCcoNaCHOviDaL: n
(00:55 / Allies) GnR: we are 3
(00:57 / Allies) GnR: lmao
(00:59 / Allies) RoCcoNaCHOviDaL: ok
(01:01 / Allies) RoCcoNaCHOviDaL: :p
(02:15 / Allies) GnR: share
(03:46 / Allies) RoCcoNaCHOviDaL: fcl
(04:01 / Allies) GnR: share
(04:21 / Allies) GnR: kotg
(06:07 / Allies) GnR: hide
(06:08 / Allies) GnR: stay
(06:09 / Allies) GnR: hide
(06:10 / Allies) GnR: stay
(06:14 / Allies) RoCcoNaCHOviDaL: 2
(06:22 / Allies) GnR: gogo
(06:41 / Allies) GnR: blue hero
(06:42 / Allies) GnR: BLUE HERO
(07:39 / All) GnR: gg
(07:45 / Allies) RoCcoNaCHOviDaL: :)
(07:49 / Allies) RoCcoNaCHOviDaL: no look
(09:52 / Allies) GnR: TOWER ROCOCO
(11:20 / Allies) GnR: GO HIT
(11:21 / Allies) GnR: BASES
(11:55 / Allies) RoCcoNaCHOviDaL: f
(11:56 / Allies) RoCcoNaCHOviDaL: fs
(12:14 / Allies) GnR: hex
(12:54 / Allies) GnR: MAIN
(13:26 / Allies) GnR: IM OUT
(13:27 / Allies) GnR: out
(13:27 / Allies) GnR: out
(13:27 / Allies) GnR: out
(13:28 / Allies) GnR: out
(13:28 / Allies) GnR: out
(13:51 / Allies) GnR: GOLD ROCCO
(13:52 / Allies) GnR: TY
(14:13 / Allies) GnR: exp honey
(14:41 / Allies) RoCcoNaCHOviDaL: tp
(14:41 / Allies) RoCcoNaCHOviDaL: tp
(14:41 / Allies) RoCcoNaCHOviDaL: tp
(16:53 / Allies) RoCcoNaCHOviDaL: b
(17:27 / Allies) RoCcoNaCHOviDaL: b
(17:36 / Allies) GnR: FIOGHT
(20:26 / Allies) GnR: EXPO MAN
(21:11 / Allies) RoCcoNaCHOviDaL: lumber plz!
(21:13 / Allies) GnR: I GO FUCK SOMEONE UP
(22:38 / Allies) GnR: IM OUT
(23:02 / All) GnR: PARDON THE GG
(23:05 / All) GnR: THOUGHT YOU WERE NOOBS
(24:24 / Allies) GnR: WAIT
(24:28 / Allies) GnR: hit exop
(24:29 / Allies) GnR: main
(24:30 / Allies) GnR: then out
(25:21 / Allies) GnR: MAIN
(25:25 / Allies) GnR: main
(25:26 / Allies) GnR: MAIN
(25:27 / Allies) GnR: MAIN
(25:54 / All) RoCcoNaCHOviDaL: fs
(25:57 / All) RoCcoNaCHOviDaL: gg ZT
(26:07 / All) HoneyBlunt: gg
(26:09 / All) RoCcoNaCHOviDaL: ZT VS PRO2
(26:24 / All) RoCcoNaCHOviDaL: DK